cohdb
Replays
Latest Replays
All Replays
Popular Replays
Top Player Replays
Match Explorer
How It Works
Community
CoH3 Stats
Reddit
Sign in to upload your games and track your stats! →
Sign in with Steam
Match 39833987
Unlisted
Match 39833987
Overview
Messages
Build Orders
End
250 Light Carrier
Selects Panzerjäger Kommand Battlegroup
Selects Mine Fields
Panzergrenadier Squad
Panzergrenadier Squad
Construct Light Support Kompanie
Selects Tank Busters
2.5-tonne Medical Truck
Panzergrenadier Squad
Panzerjäger Mechanized Group
Construct Mechanized Kompanie
Veteran Squad Leaders
Selects Defensive Positions
Construct Panzerarmee Kommand
Selects Crew Shock Tactics
Panzerjäger Mechanized Group
Armored Reserves
Selects Butterfly Bomb Drop
Support Armor Elements
Flakvierling Half-track
Butterfly Bomb Drop
Advanced Field Repairs
Butterfly Bomb Drop
Tungsten Core Ammunition
Vehicle Survival Package
Butterfly Bomb Drop
Tiger Heavy Tank
Advanced Optics
CPLA2015
DF_theFirstOrder
BigTiddyLebron
kreumat
0
0
Comments
sign in to comment!
No comments posted yet!